 Dungeon Crawl Stone Soup version 0.31.0-11-ge490571c62 (webtiles) character file.

Game seed: 16336680592256216010

598279 Flugkiller the Stormcaller (level 27, -3/209 HPs)
             Began as a Ghoul Fire Elementalist on Jan 29, 2024.
             Was the Champion of Vehumet.
             Slain by a golden dragon (11 damage)
             ... on level 1 of the Realm of Zot.
             The game lasted 01:52:15 (77127 turns).

Flugkiller the Stormcaller (GhFE)                  Turns: 77127, Time: 01:52:16

Health: -3/209     AC: 20    Str: 16    XL:     27
Magic:  26/45      EV: 18    Int: 24    God:    Vehumet [******]
Gold:   6243       SH:  0    Dex: 17    Spells: 4/63 levels left

rFire   + + .        f - staff "Oxurerr" {rElec rF+ Dex+2 Fire}
rCold   . . .        T - orb {*channel}
rNeg    + + +        s - +7 ring mail of the Centipede {Will++}
rPois   ∞            Z - +0 hat of the Endless Expanse {^Drain rPois Dex+6}
rElec   +            C - scarf {repulsion}
rCorr   .            O - +2 pair of gloves
SInv    .            y - +2 pair of boots "Foneogu" {Stlth+}
Will    ++++.        c - amulet of magic regeneration
Stlth   +            u - +5 ring of evasion
HPRegen 0.00/turn    G - ring of fire
MPRegen 0.69/turn

%: repel missiles, channel magic (20%)
@: contaminated, inhibited regen, hasted, glowing, constricted, very quick
A: claws 1, cold resistance 1, negative energy resistance 3, inhibited
regeneration, torment resistance 2, devour on kill
}: 3/15 runes: decaying, slimy, gossamer
a: Renounce Religion


You were on level 1 of the Realm of Zot.
You worshipped Vehumet.
Vehumet was exalted by your worship.
You visited 12 branches of the dungeon, and saw 51 of its levels.
You also visited: Bailey, Gauntlet and Wizlab.

You collected 9408 gold pieces.
You spent 3165 gold pieces at shops.

Inventory:

Missiles
 K - 11 curare-tipped darts
 S - 2 throwing nets
Armour
 s - the +7 ring mail of the Centipede (worn) {Will++}
   (You found it on level 1 of the Spider Nest)

   Will++:    It greatly increases your willpower.
 y - the +2 pair of boots "Foneogu" (worn) {Stlth+}
   (You found it on level 2 of the Vaults)

   Stlth+:    It makes you more stealthy.
 C - a scarf of repulsion (worn)
   (You found it on level 5 of the Dungeon)
 N - a +1 buckler of resistance
   (You took it off a tengu reaver on level 3 of the Depths)
 O - a +2 pair of gloves (worn)
   (You found it on level 11 of the Dungeon)
 T - an orb of energy (worn)
   (You found it on level 4 of the Spider Nest)
 X - the +0 helmet of Perfidy {Harm +Inv rF- Int+6}
   (You found it in a Gauntlet)

   Int+6:     It affects your intelligence (+6).
   rF-:       It makes you vulnerable to fire.
   +Inv:      It lets you turn invisible.
   Harm:      It increases damage dealt and taken.
 Z - the +0 hat of the Endless Expanse (worn) {^Drain rPois Dex+6}
   (You found it in a Gauntlet)

   Dex+6:     It affects your dexterity (+6).
   rPois:     It protects you from poison ^Drain: It drains your maximum health
   when unequipped.
Magical Staves
 f - the staff "Oxurerr" (weapon) {rElec rF+ Dex+2 Fire}
   (You found it on level 3 of the Elven Halls)

   [staff of fire]

   Base accuracy: +5 Base damage: 5 Base attack delay: 1.2 This weapon's minimum
   attack delay (0.6) is reached at skill level 12.
   Dex+2:     It affects your dexterity (+2).
   rF+:       It protects you from fire.
   rElec:     It insulates you from electricity.
   Fire:      It increases the power of your Fire spells.
   It falls into the 'Staves' category.
   It is a one-clawed weapon.
Jewellery
 b - a ring of wizardry
   (You found it on level 3 of the Dungeon)
 c - an amulet of magic regeneration (around neck)
   (You took it off a tengu warrior on level 2 of the Depths)
 i - a ring of see invisible
   (You found it on level 12 of the Dungeon)
 j - the ring "Enanics" {rCorr Str+2 Int+2}
   (You took it off a minotaur in a Gauntlet)

   [ring of resist corrosion]

   Str+2:     It affects your strength (+2).
   Int+2:     It affects your intelligence (+2).
   rCorr:     It protects you from acid and corrosion.
 m - a ring of willpower
   (You found it on level 2 of the Spider Nest)
 p - a ring of protection from cold
   (You found it on level 3 of the Lair of Beasts)
 u - a +5 ring of evasion (left hand)
   (You took it off a meliai on level 2 of the Depths)
 v - a +5 ring of evasion
   (You took it off a tengu conjurer on level 13 of the Dungeon)
 G - a ring of fire (right hand)
   (You bought it in a shop on level 9 of the Dungeon)
Wands
 d - a wand of paralysis (67)
   (You took it off a kobold on level 4 of the Dungeon)
 o - a wand of roots (23)
   (You found it in a Gauntlet)
 B - a wand of digging (11)
   (You found it on level 2 of the Depths)
 E - a wand of acid (42)
   (You found it on level 10 of the Dungeon)
 R - a wand of mindburst (15)
   (You found it in a Gauntlet)
Scrolls
 r - a scroll of amnesia
 t - 19 scrolls of teleportation
 x - 7 scrolls of vulnerability
 D - 6 scrolls of enchant armour
 F - 3 scrolls of summoning
 J - 2 scrolls of torment
 L - 7 scrolls of fear
 M - 5 scrolls of poison
 Q - 6 scrolls of fog
 W - 9 scrolls of immolation
 Y - 3 scrolls of revelation
Potions
 a - a potion of magic
 g - 6 potions of brilliance
 h - 7 potions of haste
 k - 5 potions of cancellation
 n - 2 potions of resistance
 q - 14 potions of curing
 A - 6 potions of ambrosia
 H - 5 potions of enlightenment
 U - 4 potions of invisibility
Miscellaneous
 e - a phial of floods
   (You found it on level 11 of the Dungeon)
 l - a phantom mirror
   (You found it in a Gauntlet)
 I - a tin of tremorstones (2/2)
   (You found it in a Gauntlet)
 P - a box of beasts
   (You found it on level 15 of the Dungeon)


   Skills:
 - Level 10.0 Fighting
 - Level 8.0 Armour
 - Level 10.0 Dodging
 - Level 2.1 Stealth
 + Level 18.9 Spellcasting
 + Level 16.1 Conjurations
 - Level 12.0 Summonings
 - Level 17.0 Fire Magic
 + Level 19.8 Air Magic
 - Level 8.0 Evocations


You had 4 spell levels left.
You knew the following spells:

 Your Spells              Type           Power      Damage    Failure   Level
a - Foxfire               Conj/Fire      100%       2x1d9     1%          1
b - Scorch                Fire           100%       2d9       1%          2
c - Inner Flame           Hex/Fire       97%        N/A       1%          3
d - Flame Wave            Conj/Fire      100%       2d21      1%          4
e - Starburst             Conj/Fire      62%        6d16      1%          6
f - Plasma Beam           Fire/Air       64%        2x1d80    1%          6
g - Spellforged Servitor  Conj/Summ      37%        N/A       7%          7
h - Maxwell's Capacitive  Air            43%        ∞         5%          8
i - Irradiate             Conj/Alch      28%        3d21      3%          5
j - Chain Lightning       Conj/Air       41%        3d55      63%         9
I - Ignition              Fire           62%        3d17      13%         8

Your spell library contained the following spells:

 Spells                   Type           Power      Damage    Failure   Level
 Magic Dart               Conj           100%       1d8       1%          1
 Sting                    Conj/Alch      100%       1d9       1%          1
 Summon Small Mammal      Summ           100%       N/A       1%          1
 Call Imp                 Summ           100%       N/A       1%          2
 Dazzling Flash           Conj/Hex       100%       N/A       1%          3
 Hailstorm                Conj/Ice       57%        3d11      1%          3
 Mephitic Cloud           Conj/Alch/Air  69%        N/A       1%          3
 Stone Arrow              Conj/Erth      100%       3d13      1%          3
 Swiftness                Air            87%        N/A       1%          3
 Volatile Blastmotes      Fire/Tloc      100%       2d18      1%          3
 Brom's Barrelling Bould  Conj/Erth      57%        2d7       1%          4
 Ignite Poison            Fire/Alch      97%        N/A       1%          4
 Iskenderun's Mystic Bla  Conj/Tloc      57%        2d12      1%          4
 Sticky Flame             Fire/Alch      97%        2d14      1%          4
 Summon Lightning Spire   Summ/Air       78%        N/A       1%          4
 Sandblast                Erth           44%        2d11      3%          1
 Summon Ice Beast         Ice/Summ       51%        N/A       4%          3
 Vhi's Electric Charge    Tloc/Air       100%       N/A       4%          4
 Frozen Ramparts          Ice            44%        1d7       7%          3
 Animate Armour           Summ/Erth      100%       N/A       11%         4
 Apportation              Tloc           44%        N/A       12%         1
 Necrotise                Necr           88%        1d8       12%         1
 Slow                     Hex            88%        N/A       12%         1
 Blink                    Tloc           44%        N/A       16%         2
 Ensorcelled Hibernation  Hex/Ice        44%        N/A       16%         2
 Jinxbite                 Hex            44%        N/A       16%         2
 Olgreb's Toxic Radiance  Alch           22%        N/A       17%         4
 Confusing Touch          Hex            22%        N/A       26%         3
 Gell's Gravitas          Tloc           22%        N/A       26%         3
 Ozocubu's Armour         Ice            22%        N/A       26%         3
 Passwall                 Erth           22%        N/A       26%         3
 Sigil of Binding         Hex            22%        N/A       26%         3
 Teleport Other           Tloc           22%        N/A       26%         3
 Vampiric Draining        Necr           22%        2d7       26%         3
 Anguish                  Hex/Necr       11%        N/A       56%         4
 Cause Fear               Hex            11%        N/A       56%         4
 Leda's Liquefaction      Alch/Erth      11%        N/A       56%         4
 Arcjolt                  Conj/Air       41%        1d51      1%          5
 Fireball                 Conj/Fire      62%        3d24      1%          5
 Freezing Cloud           Conj/Ice/Air   34%        6-21      1%          5
 Iskenderun's Battlesphe  Conj           79%        2d13      1%          5
 Conjure Ball Lightning   Conj/Air       41%        3x3d13    1%          6
 Orb of Destruction       Conj           39%        9d11      3%          7
 Silence                  Hex/Air        31%        N/A       7%          5
 Bombard                  Conj/Erth      28%        9d5       12%         6
 Summon Mana Viper        Hex/Summ       51%        N/A       22%         5
 Lee's Rapid Deconstruct  Erth           11%        3d8*      38%         5
 Yara's Violent Unravell  Hex/Alch       11%        3d6       38%         5
 Monstrous Menagerie      Summ           34%        N/A       43%         7
 Fire Storm               Conj/Fire      62%        8d16      78%         9
 Alistair's Intoxication  Alch           14%        N/A       86%         5
 Curse of Agony           Necr           22%        N/A       86%         5
 Metabolic Englaciation   Hex/Ice        11%        N/A       86%         5
 Lehudib's Crystal Spear  Conj/Erth      28%        10d8      94%         8
 Haunt                    Necr/Summ      25%        N/A       99%         7
 Death Channel            Necr           11%        N/A       100%        6
 Dispersal                Tloc           11%        N/A       100%        6
 Sculpt Simulacrum        Ice/Alch       11%        N/A       100%        6
 Enfeeble                 Hex            11%        N/A       100%        7
 Ozocubu's Refrigeration  Ice            11%        4d9       100%        7
 Discord                  Hex            11%        N/A       100%        8
 Polar Vortex             Ice            11%        12d1*     100%        9
 Shatter                  Erth           11%        3d12*     100%        9
 Sublimation of Blood     Necr           Unusable   N/A       N/A         2
 Borgnjor's Revivificati  Necr           Unusable   N/A       N/A         8

Dungeon Overview and Level Annotations

Branches:
Dungeon (15/15) Zot: 22993  Temple (1/1) D:7 Zot: 5998    Lair (5/5) D:8 Zot: 21985
  Swamp (4/4) Lair:2 Zot: 18797  Spider (4/4) Lair:3 Zot: 18356   Slime (5/5) Lair:5 Zot: 26235
    Orc (2/2) D:11 Zot: 9461     Elf (3/3) Orc:2 Zot: 10747  Vaults (4/5) D:14 Zot: 14510
  Crypt (3/3) Vaults:3 Zot: 12482    Tomb (0/3) Crypt:3      Depths (4/4) D:15 Zot: 15129
    Zot (1/5) Depths:4 Zot: 5714  Bailey (visited)          WizLab (visited)
Gauntlet (visited)

Altars:
Ashenzari
Cheibriados
Dithmenos
Fedhas
Gozag
Hepliaklqana
Kikubaaqudgha
Makhleb
Nemelex Xobeh
Okawaru
Qazlal
Ru
Sif Muna
Trog
Uskayaw
Vehumet
Wu Jian
Xom
Yredelemnul
Jiyva
Lugonu

Shops:
D:1 ::*   D:7 [   D:9 =   D:12 ?   Orc:2 ([?(   Elf:1 ::=   Vaults:1 (
Vaults:2 [   Vaults:3 [   Vaults:4 **=[(   Depths:4 :

Portals:
Hell: Depths:1 Depths:2 Depths:3 Depths:4
Abyss: Lair:5 Depths:1 Depths:2 Depths:3 Depths:4
Pandemonium: Depths:2
Ziggurat: Depths:3
Trove: Vaults:1 (give 9 potions of haste)

Annotations:
D:9 exclusion: obsidian statue
Spider:1 2 runed translucent doors, Qyadack's ghost, adept HOFi
Spider:4 Roxanne
Elf:2 3 runed translucent doors
Vaults:1 3 runed translucent doors, exclusion: orange crystal statue, Yloucecuu's ghost, veteran SpEn
Vaults:2 36 runed translucent doors
Vaults:4 3 runed translucent doors, DizzySkin's ghost, veteran MiBe


Innate Abilities, Weirdness & Mutations

You are immune to poison.
You have sharp fingernails.
Your flesh is cold resistant. (rC+)
You are immune to negative energy. (rN+++)
You do not regenerate when monsters are visible.
You are immune to unholy pain and torment.
You thrive by killing the living.


Message History

The bolt of lightning hits the tentacled monstrosity!
The tentacled monstrosity resists.
The fiery plasma hits the tentacled monstrosity!
The tentacled monstrosity resists.
The tentacled monstrosity tentacle-slaps your spellforged servitor! x2
The tentacled monstrosity tentacle-slaps your spellforged servitor.
The tentacled monstrosity constricts your spellforged servitor!
You hear a roar!
Casting: Plasma Beam (mildly dangerous; 1% risk of failure)
Confirm with . or Enter, or press ? or * to list all spells.
You feel a strong surge of power!
Okay, then.
You hear a loud "Zot"!
A quicksilver dragon comes into view.
The tentacled monstrosity tentacle-slaps your spellforged servitor!
Your spellforged servitor is destroyed!
Your spellforged servitor disappears in a puff of smoke!
Casting: Plasma Beam (mildly dangerous; 1% risk of failure)
Confirm with . or Enter, or press ? or * to list all spells.
You feel a strong surge of power!
The bolt of lightning hits the quicksilver dragon!!!
The quicksilver dragon is severely wounded.
The fiery plasma hits the quicksilver dragon!!
The quicksilver dragon is almost dead.
The golden dragon bites you!!
The golden dragon claws you but does no damage.
The golden dragon tramples you but does no damage.
Casting: Plasma Beam (mildly dangerous; 1% risk of failure)
Confirm with . or Enter, or press ? or * to list all spells.
You feel a strong surge of power!
The bolt of lightning hits the quicksilver dragon!!!
You kill the quicksilver dragon!
Vehumet accepts your kill.
You feel your power returning.
You hear a deafening roar!
The golden dragon misses you. The golden dragon claws you.
The golden dragon closely misses you.
Casting: Plasma Beam (mildly dangerous; 1% risk of failure)
Confirm with . or Enter, or press ? or * to list all spells.
You erupt in a fountain of uncontrolled magic!
The golden dragon is blasted with magical radiation!
The golden dragon is heavily wounded.
The tentacled monstrosity is blasted with magical radiation.
The tentacled monstrosity is moderately wounded.
You are very lightly contaminated with residual magic.
The golden dragon closely misses you. The golden dragon misses you. x2
Casting: Irradiate (mildly dangerous; 3% risk of failure)
Confirm with . or Enter, or press ? or * to list all spells.
You miscast Irradiate.
Nothing appears to happen.
Magical energy flows into your mind!
The tentacled monstrosity completely misses you.
The tentacled monstrosity tentacle-slaps you but does no damage. x2
The tentacled monstrosity barely misses you.
The golden dragon bites you!
The golden dragon claws you but does no damage.
The golden dragon closely misses you.
Casting: Irradiate (mildly dangerous; 3% risk of failure)
Confirm with . or Enter, or press ? or * to list all spells.
You erupt in a fountain of uncontrolled magic!
The golden dragon is blasted with magical radiation!
The golden dragon is severely wounded.
The tentacled monstrosity is blasted with magical radiation!!
The tentacled monstrosity is moderately wounded.
You are lightly contaminated with residual magic.
The storm dragon roars deafeningly!
The tentacled monstrosity tentacle-slaps you!
* * * LOW HITPOINT WARNING * * *
The tentacled monstrosity completely misses you.
The tentacled monstrosity barely misses you.
The tentacled monstrosity grabs you.
The tentacled monstrosity constricts you.
Casting: Irradiate (mildly dangerous; 3% risk of failure)
Confirm with . or Enter, or press ? or * to list all spells.
You miscast Irradiate.
Nothing appears to happen.
Magical energy flows into your mind! The golden dragon breathes cold at you.
The bolt of cold hits you!!!
* * * LOW HITPOINT WARNING * * *
The yellow draconian roars!
You hear a deafening roar!
You hear a roar!
Unknown command.
Unknown command.
Okay, then.
Unknown command.
Unknown command.
Casting: Irradiate (mildly dangerous; 3% risk of failure)
Confirm with . or Enter, or press ? or * to list all spells.
You erupt in a fountain of uncontrolled magic!
The golden dragon is blasted with magical radiation!!
The golden dragon is almost dead.
The golden dragon twists and deforms.
The tentacled monstrosity is blasted with magical radiation!!
The tentacled monstrosity is heavily wounded.
You are contaminated with residual magic.
The tentacled monstrosity tentacle-slaps you but does no damage.
The tentacled monstrosity completely misses you.
The tentacled monstrosity tentacle-slaps you but does no damage.
The tentacled monstrosity constricts you!
* * * LOW HITPOINT WARNING * * *
The golden dragon bites you!
You die...

.....#..##########
#.
.....#..#.........
##
........d.........
..................
.......##D.⌠......
....... #.........
####... #........^
#### #XD....†..
#@........
########## . . . #
#


You could see a tentacled monstrosity, a golden dragon (catching breath,
misshapen), a storm dragon and a yellow draconian.

Vanquished Creatures
  the Royal Jelly (Slime:5)
  2 ancient liches
  Mennas (Crypt:3)
  2 juggernauts
  A Head Instructor (WizLab)
  A caustic shrike (Depths:3)
  A golden dragon (Depths:2)
  Arachne (Spider:4)
  2 doom hounds (Crypt:1)
  2 shard shrike zombies (Crypt:3)
  An electric golem (Zot:1)
  Rupert (Lair:5)
  5 liches
  2 tentacled monstrosities
  A walking earthen tome (Depths:3)
  3 titans (Depths:2)
  Grunn (Crypt:1)
  A deep elf master archer (Elf:3)
  A walking frostbound tome (Depths:3)
  6 sphinxes
  17 acid blobs
  4 quicksilver dragons
  A thorn hunter (Swamp:2)
  Donald (Crypt:1)
  4 storm dragons
  5 tengu reavers
  A revenant (Crypt:1)
  9 azure jellies
  9 rockslimes (Slime:5)
  10 fire giants
  A fenstrider witch (Swamp:2)
  4 draconian knights
  6 ghost moths
  3 draconian monks
  9 deep elf sorcerers
  2 iron dragons (Depths:3)
  9 vault wardens
  A juggernaut zombie (Crypt:3)
  2 emperor scorpions (Spider:4)
  A draconian shifter (Zot:1)
  10 frost giants
  2 caustic shrike zombies
  A balrug (Depths:3)
  4 curse skulls
  5 ghouls
  3 deep elf elementalists (Elf:3)
  5 quicksilver oozes
  14 ironbound preservers
  An orc warlord (Orc:1)
  3 reapers
  7 stone giants
  A broodmother (Spider:3)
  3 spriggan defenders
  8 ironbound thunderhulks
  2 draconian annihilators (Zot:1)
  A caustic shrike skeleton (Crypt:3)
  20 very ugly things
  A rockslime zombie (Crypt:1)
  4 white draconians (Zot:1)
  3 deep elf demonologists
  A green draconian (Zot:1)
  5 black draconians
  4 formless jellyfish
  5 eleionomae
  7 deep elf death magi
  7 deep elf annihilators (Elf:3)
  12 vampire knights
  9 dire elephants
  4 yellow draconians
  2 red draconians (Zot:1)
  A minotaur (Gauntlet)
  2 war gargoyles (Vaults:2)
  9 spark wasps
  10 eidola
  9 ettins
  Snorg (Orc:1)
  7 fire dragons
  6 deep elf high priests (Elf:3)
  7 yaktaur captains
  7 jiangshi
  2 shambling mangroves (Swamp:3)
  A spriggan zombie (Crypt:3)
  16 hydras
  2 fenstrider witch zombies (Crypt:1)
  4 great orbs of eyes
  An entropy weaver (Vaults:1)
  8 rakshasas
  9 ice dragons
  An ogre mage (D:15)
  5 spriggan air magi
  9 ironbound frosthearts
  4 vault guards
  A peacekeeper (Vaults:2)
  2 radroaches (Spider:4)
  12 alligators
  A ghost crab (Swamp:4)
  22 centaur warriors
  3 spriggan skeletons (Crypt:3)
  4 boulder beetles
  5 death yaks
  2 death knights (Crypt:1)
  A jorogumo (Spider:4)
  9 deep troll shamans
  An azure jelly zombie (Crypt:1)
  4 thrashing horrors (Lair:5)
  10 two-headed ogres
  A hell hog (Depths:4)
  8 tengu warriors
  17 dancing weapons
  A titan zombie (Crypt:3)
  8 deep troll earth magi
  6 demonic crawlers
  An occultist (WizLab)
  8 spriggan berserkers
  6 vampire magi
  6 hell knights
  16 deep elf knights
  7 soul eaters
  Sonja (Lair:2)
  A titan skeleton (Depths:3)
  A skyshark (shapeshifter) (Depths:3)
  4 skeletal warriors (Crypt:2)
  4 sun demons
  6 iron trolls
  A shadow wraith (D:14)
  A salamander mystic (WizLab)
  5 pharaoh ants
  3 spriggan druids (Swamp:2)
  2 mana vipers (WizLab)
  53 deep trolls
  4 goliath frogs
  6 flayed ghosts
  9 glowing orange brains
  10 swamp dragons
  13 deep elf archers
  4 orb spiders
  6 arcanists
  3 bunyip skeletons
  A fenstrider witch simulacrum (Crypt:1)
  An anaconda zombie (Crypt:3)
  7 nameless horrors
  18 phantasmal warriors
  6 bog bodies
  A sun moth (Spider:1)
  2 anaconda skeletons
  A golden dragon zombie (Depths:3)
  A shadow dragon zombie (Crypt:1)
  15 necromancers
  3 orc knights
  3 harpies (Vaults:3)
  10 lindwurms
  3 large abominations (Lair:5)
  2 steelbarb worms (Spider:4)
  14 ironbound convokers
  A golden dragon skeleton (Depths:3)
  27 deep elf zephyrmancers
  4 shining eyes
  28 deep elf pyromancers
  2 iron dragon zombies (Crypt:3)
  15 wolf spiders
  An oklob plant (Gauntlet)
  28 ugly things
  9 manticores
  7 moths of wrath
  2 orc sorcerers
  An iron dragon skeleton (Depths:3)
  13 meliai
  2 will-o-the-wisps
  7 cyclopes
  A stone giant zombie (Crypt:3)
  A stone giant skeleton (Crypt:3)
  3 kobold blastminers (Orc:2)
  2 meliai (shapeshifter) (D:15)
  15 vault sentinels
  A water nymph (shapeshifter) (Elf:1)
  A centaur zombie (Crypt:1)
  4 elephants
  3 naga zombies (Crypt:3)
  The ghost of Skimidon the Trooper, a novice MiAr of Hepliaklqana (D:8)
  3 black mambas
  14 cane toads
  4 torpor snails
  Maggie (Lair:1)
  A smoke demon (Lair:5)
  2 kobold demonologists
  A minotaur zombie (Gauntlet)
  Jeremiah (D:6)
  2 unseen horrors
  3 rime drakes
  7 komodo dragons
  A guardian mummy (Crypt:3)
  8 yaktaurs
  2 tengu conjurers
  5 freezing wraiths
  A yellow draconian skeleton (Crypt:2)
  8 trolls
  2 polar bears
  A harpy zombie (Crypt:3)
  A polar bear (shapeshifter) (Elf:2)
  Grinder (D:3)
  12 tyrant leeches
  13 hellwings (Crypt:3)
  A raiju (Lair:5)
  3 harpy skeletons
  15 tarantellas
  25 blink frogs
  12 hornets
  6 dream sheep (Lair:5)
  2 glass eyes
  An ettin zombie (Crypt:1)
  A fire dragon zombie (Crypt:3)
  A black mamba zombie (Crypt:1)
  54 slime creatures
  18 jumping spiders
  10 spriggans
  3 shadows
  Sigmund (D:3)
  4 vampires
  9 small abominations
  13 wraiths
  60 yaks
  18 culicivoras
  An air elemental (Elf:1)
  3 wyverns
  3 ynoxinuls (Lair:5)
  An ushabti (Crypt:3)
  Eustachio (D:6)
  6 water elementals
  A golden eye (Slime:4)
  2 fire elementals
  A neqoxec (Gauntlet)
  5 wargs
  16 vampire mosquitoes
  2 steam dragons
  29 redbacks
  5 chaos spawn
  14 basilisks
  Menkaure (D:6)
  7 swamp worms
  6 water moccasins
  Duvessa (D:5)
  5 acid dragons
  2 naga skeletons (Crypt:3)
  52 orc warriors
  10 swamp drakes
  5 black bears
  2 ice beasts
  8 laughing skulls
  A sky beast (D:7)
  8 ogres
  17 centaurs
  16 wolves
  A dream sheep skeleton (Crypt:2)
  A blink frog skeleton (Crypt:2)
  A kobold brigand (D:10)
  17 bullfrogs
  An elf skeleton (Crypt:1)
  10 scorpions
  Blork the orc (D:5)
  A gnoll sergeant (D:8)
  2 earth elementals (Elf:1)
  4 wights (D:8)
  Dowan (D:5)
  10 wyvern skeletons (Crypt:3)
  10 killer bees
  2 howler monkeys (D:9)
  4 bombardier beetles
  3 jellies
  5 hounds
  9 orc priests
  A gnoll bouda (D:4)
  A centaur skeleton (Crypt:1)
  An iguana (D:6)
  Ijyb (D:4)
  A basilisk skeleton (Crypt:2)
  A human skeleton (Crypt:2)
  18 orc wizards
  An acid dragon zombie (Crypt:1)
  A mummy (Crypt:3)
  7 adders
  13 gnolls
  2 shadow imps
  3 white imps
  4 ufetubi
  2 iguana skeletons (Crypt:2)
  A lava snake zombie (Crypt:2)
  An adder skeleton (Crypt:1)
  5 dart slugs
  2 ribbon worms
  85 orcs
  9 endoplasms
  3 giant cockroaches
  A gnoll zombie (Crypt:2)
  12 hobgoblins
  7 jackals
  6 quokkas
  8 ball pythons
  4 bats
  5 frilled lizards
  15 goblins
  10 kobolds
  5 rats
  A foxfire (Lair:4)
1878 creatures vanquished.

Vanquished Creatures (collateral kills)
  the Lernaean hydra (Swamp:4)
  A shard shrike zombie (Crypt:3)
  A walking crystal tome (Depths:3)
  2 deep elf blademasters (Elf:3)
  A quicksilver dragon (WizLab)
  A deep elf master archer (Elf:3)
  A sphinx (Vaults:2)
  A tengu reaver (Depths:2)
  A shadow dragon (Depths:4)
  A rockslime (Slime:5)
  A deep elf sorcerer (Elf:3)
  A vault warden (Vaults:2)
  2 emperor scorpions
  A draconian stormcaller (Zot:1)
  4 very ugly things
  A vampire knight (Depths:2)
  An ironbound thunderhulk (Vaults:2)
  2 ghouls (Swamp:1)
  2 formless jellyfish
  A stone giant (Depths:2)
  3 deep elf annihilators
  3 eleionomae
  A bunyip (Swamp:1)
  A dire elephant (Vaults:3)
  An ettin (Vaults:2)
  A fire dragon (Depths:2)
  A quicksilver dragon zombie (Crypt:3)
  A mummy priest (Crypt:3)
  2 entropy weavers
  A deep elf high priest (Elf:3)
  2 vault guards (Vaults:1)
  3 alligators
  A boulder beetle (Spider:4)
  A ghost crab (Swamp:4)
  3 ironbound frosthearts
  3 hydras
  2 spriggan air magi (WizLab)
  3 centaur warriors (Vaults:1)
  A two-headed ogre (D:15)
  4 ogre magi (WizLab)
  A death scarab (Spider:2)
  An occultist (Depths:1)
  A demonic crawler (Spider:3)
  5 pharaoh ants
  2 salamander mystics (WizLab)
  3 deep trolls
  A goliath frog (Swamp:1)
  4 swamp dragons
  3 orb spiders
  A sun moth (Spider:2)
  2 bunyip zombies (Crypt:3)
  2 spriggan druids (Swamp:1)
  2 steelbarb worms
  A necromancer (Crypt:3)
  3 harpies (Vaults:3)
  A deep elf pyromancer (Elf:3)
  A lindwurm (Vaults:1)
  An ironbound convoker (Vaults:1)
  2 wolf spiders
  A deep elf zephyrmancer (Elf:3)
  A faun (shapeshifter) (Vaults:2)
  A shining eye (shapeshifter) (Depths:2)
  11 ugly things
  2 meliai (Spider:2)
  2 moths of wrath
  A nameless horror (Elf:3)
  4 vault sentinels
  2 naga magi (WizLab)
  A draconian skeleton (Crypt:3)
  A black mamba (shapeshifter) (Vaults:2)
  A torpor snail (Spider:4)
  A centaur skeleton (Crypt:3)
  7 yaktaurs
  A tengu conjurer (WizLab)
  A harpy zombie (Crypt:3)
  5 tarantellas (Spider:2)
  A tyrant leech (Swamp:3)
  A black mamba zombie (Crypt:3)
  9 jumping spiders
  2 culicivoras
  11 slime creatures (Slime:2)
  2 spriggans (Swamp:1)
  2 golden eyes (Slime:2)
  17 redbacks
  3 swamp worms
  An electric eel (Spider:1)
194 creatures vanquished.

Vanquished Creatures (others)
  2 deep elf knights
  A wolf spider (Spider:4)
  A bloated husk (Swamp:1)
  A slime creature (Slime:5)
  2 vampire mosquitoes (Swamp:1)
  An orc wizard (Orc:2)
  307 foxfires
315 creatures vanquished.

Grand Total: 2387 creatures vanquished

Notes
Turn   | Place    | Note
-------+----------+-------------------------------------------
     0 | D:1      | Flugkiller the Ghoul Fire Elementalist began the quest for
                  | the Orb.
     0 | D:1      | Reached XP level 1. HP: 14/14 MP: 3/3
    80 | D:1      | Reached skill level 1 in Conjurations
    81 | D:1      | Reached XP level 2. HP: 19/20 MP: 2/4
   119 | D:1      | Found Luixkah's Book Shop.
   224 | D:1      | Found Usaurep's Book Shop.
   409 | D:1      | Found Xiemnuj's Assorted Antiques.
   412 | D:1      | Bought a scroll labelled NOEVEI VUJAE for 20 gold pieces
   431 | D:1      | Reached XP level 3. HP: 26/26 MP: 3/6
  1543 | D:3      | Noticed Grinder
  1661 | D:3      | Paralysed by Grinder for 4 turns
  1686 | D:2      | HP: 1/26 [orc wizard/+0 dagger (1)]
  1688 | D:2      | Reached XP level 4. HP: 2/33 MP: 4/7
  1915 | D:2      | Learned a level 2 spell: Scorch
  1924 | D:3      | Paralysed by Grinder for 5 turns
  1941 | D:3      | Killed Grinder
  1942 | D:3      | Reached XP level 5. HP: 27/38 MP: 1/9
  1942 | D:3      | Reached XP level 6. HP: 32/45 MP: 1/10
  2231 | D:3      | Found a faded altar of an unknown god.
  2316 | D:3      | Noticed Sigmund
  2321 | D:3      | Killed Sigmund
  2322 | D:3      | Reached XP level 7. HP: 50/50 MP: 4/12
  2723 | D:3      | Reached skill level 5 in Fire Magic
  2771 | D:4      | Noticed Ijyb
  2788 | D:4      | Killed Ijyb
  3053 | D:4      | Found a snail-covered altar of Cheibriados.
  3379 | D:4      | Found a sacrificial altar of Ru.
  3612 | D:4      | Reached XP level 8. HP: 57/57 MP: 5/13
  3780 | D:4      | Paralysed by a kobold for 5 turns
  3794 | D:4      | Paralysed by a kobold for 4 turns
  4247 | D:4      | Learned a level 3 spell: Inner Flame
  4252 | D:4      | Learned a level 4 spell: Flame Wave
  4277 | D:5      | Entered Level 5 of the Dungeon
  5026 | D:5      | Noticed Dowan
  5158 | D:1      | Bought a twisted runed staff for 240 gold pieces
  5304 | D:5      | Noticed Duvessa
  5337 | D:5      | Killed Duvessa
  5339 | D:5      | Killed Dowan
  5428 | D:5      | Noticed Blork the orc
  5438 | D:5      | Killed Blork the orc
  5722 | D:6      | Noticed Menkaure
  5725 | D:6      | Killed Menkaure
  5831 | D:6      | Noticed Eustachio
  5841 | D:6      | Reached XP level 9. HP: 34/62 MP: 1/16
  6028 | D:6      | Reached skill level 5 in Spellcasting
  6320 | D:6      | Noticed Jeremiah
  6345 | D:6      | Killed Eustachio
  6426 | D:6      | Killed Jeremiah
  6427 | D:6      | Reached skill level 5 in Conjurations
  6884 | D:6      | Noticed a two-headed ogre
  7481 | D:6      | Killed an unseen horror
  7931 | D:6      | Killed a two-headed ogre
  7932 | D:6      | Reached XP level 10. HP: 69/69 MP: 10/19
  8607 | D:7      | Found Zoetreoh's Antique Armour Emporium.
  8918 | D:7      | Found a staircase to the Ecumenical Temple.
  9071 | Temple   | Entered the Ecumenical Temple
  9767 | D:8      | Found a staircase to the Lair.
  9767 | D:8      | Noticed an elephant
  9783 | D:8      | Killed an elephant
 10039 | D:8      | Found a runed translucent gate.
 10040 | D:8      | Found a runed translucent gate.
 10042 | D:8      | Found a runed translucent gate.
 10043 | D:8      | Noticed Skimidon's ghost (novice MiAr)
 10239 | D:8      | Killed Skimidon's ghost
 10313 | D:8      | Reached skill level 10 in Fire Magic
 10325 | D:8      | Identified the +0 pair of boots "Zayt Awk" {Rampage rF-
                  | Regen+ Dex+2}
 10478 | D:9      | Noticed a two-headed ogre
 10490 | D:9      | Killed a two-headed ogre
 10491 | D:9      | Reached XP level 11. HP: 48/74 MP: 7/21
 10508 | D:9      | Found Wyetzor's Jewellery Boutique.
 10592 | D:9      | Found a flagged portal.
 10827 | Bailey   | Entered a bailey
 11309 | Bailey   | Noticed an orc knight
 11327 | Bailey   | Killed an orc knight
 11483 | Bailey   | Noticed an orc warlord
 11499 | Bailey   | Noticed an orc knight
 11537 | Bailey   | Killed an orc knight
 11679 | Bailey   | Acquired the Grimoire of the Missiles
 12002 | D:9      | Found an ornate altar of the Wu Jian Council.
 12113 | D:9      | Noticed an obsidian statue
 12194 | D:9      | Found a radiant altar of Vehumet.
 12206 | D:9      | Became a worshipper of Vehumet
 12421 | D:9      | Noticed a cyan ugly thing
 12432 | D:9      | Killed a cyan ugly thing
 12438 | D:9      | Noticed a green ugly thing
 12726 | D:9      | Bought a ring of fire for 350 gold pieces
 12732 | D:10     | Entered Level 10 of the Dungeon
 12806 | D:10     | Reached XP level 12. HP: 81/81 MP: 0/24
 13058 | D:10     | Noticed a two-headed ogre
 13064 | D:10     | Killed a two-headed ogre
 13064 | D:10     | Reached * piety under Vehumet
 13064 | D:10     | Offered knowledge of Freeze by Vehumet.
 13897 | D:11     | Offered knowledge of Sting by Vehumet.
 13897 | D:11     | Reached ** piety under Vehumet
 14021 | D:11     | Found a staircase to the Orcish Mines.
 14904 | Lair:1   | Entered Level 1 of the Lair of Beasts
 14911 | Lair:1   | Acquired 545 gold pieces
 15093 | D:1      | Bought a book of Lightning for 504 gold pieces
 15100 | D:1      | Learned a level 6 spell: Starburst
 15106 | D:1      | Learned a level 5 spell: Irradiate
 15113 | D:1      | Learned a level 6 spell: Plasma Beam
 15321 | Lair:1   | Reached skill level 1 in Fighting
 15338 | Lair:1   | Noticed Maggie
 15348 | Lair:1   | Reached skill level 1 in Air Magic
 15356 | Lair:1   | Killed Maggie
 15357 | Lair:1   | Reached skill level 2 in Air Magic
 15556 | Lair:1   | Reached skill level 3 in Air Magic
 15644 | Lair:1   | Found a basalt altar of Yredelemnul.
 16342 | Lair:2   | Noticed a boulder beetle
 16415 | Lair:2   | Killed a boulder beetle
 16416 | Lair:2   | Reached skill level 5 in Fighting
 16491 | Lair:2   | Reached skill level 4 in Air Magic
 16497 | Lair:2   | Reached XP level 13. HP: 100/100 MP: 16/25
 16655 | Lair:2   | Offered knowledge of Frozen Ramparts by Vehumet.
 16656 | Lair:2   | Reached skill level 5 in Air Magic
 16733 | Lair:2   | Noticed Sonja
 16741 | Lair:2   | Killed Sonja
 16876 | Lair:2   | Reached skill level 6 in Air Magic
 17123 | Lair:2   | Found a staircase to the Swamp.
 17353 | Lair:3   | Reached *** piety under Vehumet
 17450 | Lair:3   | Reached skill level 7 in Air Magic
 17663 | Lair:3   | Found a hole to the Spider Nest.
 17986 | Lair:4   | Offered knowledge of Hailstorm by Vehumet.
 18144 | Lair:4   | Found a gate leading to a gauntlet.
 18151 | Gauntlet | Entered a Gauntlet
 18151 | Gauntlet | Found a transporter.
 18151 | Gauntlet | Found a transporter.
 18159 | Gauntlet | Found a transporter.
 18163 | Gauntlet | Found a transporter.
 18171 | Gauntlet | Found a transporter.
 18175 | Gauntlet | Found a transporter.
 18187 | Gauntlet | Found a transporter.
 18192 | Gauntlet | Found a runed translucent door.
 18200 | Gauntlet | Found a transporter.
 18219 | Gauntlet | Found a transporter.
 18219 | Gauntlet | Found a transporter.
 18230 | Gauntlet | Found a transporter.
 18234 | Gauntlet | Found a transporter.
 18334 | Gauntlet | Identified the +0 helmet of Perfidy {Harm +Inv rF- Int+6}
 18389 | Gauntlet | Reached **** piety under Vehumet
 18423 | Gauntlet | Identified the +0 hat of the Endless Expanse {^Drain rPois
                  | Dex+6}
 18453 | Gauntlet | Identified the ring "Enanics" {rCorr Str+2 Int+2}
 18453 | Gauntlet | Noticed a minotaur
 18456 | Gauntlet | Killed a minotaur
 18456 | Gauntlet | Offered knowledge of Mephitic Cloud by Vehumet.
 18457 | Gauntlet | Reached skill level 10 in Spellcasting
 18462 | Gauntlet | Identified the +4 leather armour of the Iron Devil {rF+
                  | Regen+}
 19115 | Lair:4   | Reached XP level 14. HP: 101/107 MP: 7/29
 19713 | D:7      | Bought a pair of distressingly furry boots for 323 gold
                  | pieces
 19713 | D:7      | Identified the +0 pair of boots of Defiance {rN+ Str+2}
                  | (You bought it in a shop on level 7 of the Dungeon)
 19803 | Lair:5   | Entered Level 5 of the Lair of Beasts
 20002 | Lair:5   | Reached ***** piety under Vehumet
 20015 | Lair:4   | Offered knowledge of Bombard by Vehumet.
 20300 | Lair:5   | Reached skill level 1 in Evocations
 20439 | Lair:5   | Noticed Rupert
 20653 | Lair:5   | Killed Rupert
 20808 | Lair:5   | Reached skill level 5 in Evocations
 21071 | Lair:5   | Reached skill level 8 in Air Magic
 21680 | Lair:5   | Reached skill level 9 in Air Magic
 21782 | Lair:5   | Found a staircase to the Slime Pits.
 21782 | Lair:5   | Found a viscous altar of Jiyva.
 22096 | Lair:5   | Identified the +0 spear of Revolt {freeze, *Slow Str+3
                  | Int+4}
 22546 | Lair:5   | Found a corrupted altar of Lugonu.
 22546 | Lair:5   | Found a one-way gate to the infinite horrors of the Abyss.
 22548 | Lair:5   | Reached skill level 10 in Air Magic
 22549 | Lair:5   | Reached XP level 15. HP: 110/113 MP: 22/31
 22853 | D:12     | Reached skill level 1 in Armour
 23048 | D:12     | Found Pypij's Magic Scroll Emporium.
 23058 | D:12     | Bought a scroll of blinking for 105 gold pieces
 24347 | D:13     | Offered knowledge of Brom's Barrelling Boulder by Vehumet.
 25302 | D:14     | Found a hide-covered altar of Uskayaw.
 25389 | D:14     | Found a gate to the Vaults.
 25395 | D:14     | Identified the +2 whip of Guulyudo {drain, rCorr}
 25986 | D:15     | Entered Level 15 of the Dungeon
 26210 | D:15     | Noticed a storm dragon
 26538 | D:15     | Reached skill level 5 in Dodging
 26780 | D:15     | Found a staircase to the Depths.
 27036 | D:15     | Killed a storm dragon
 27037 | D:15     | Reached skill level 5 in Armour
 27398 | D:15     | Reached XP level 16. HP: 59/126 MP: 4/32
 28163 | Orc:1    | Entered Level 1 of the Orcish Mines
 28163 | Orc:1    | Noticed Snorg
 28183 | Orc:1    | Killed Snorg
 29169 | Orc:2    | Entered Level 2 of the Orcish Mines
 29172 | Orc:1    | Offered knowledge of Spellforged Servitor by Vehumet.
 29201 | Orc:1    | Learned a level 7 spell: Spellforged Servitor
 29356 | Orc:2    | Found a staircase to the Elven Halls.
 30324 | Orc:2    | Reached skill level 1 in Summonings
 30547 | Orc:2    | Found Lukoz's Antique Armour Shop.
 30547 | Orc:2    | Found Enutukug's Magic Scroll Shoppe.
 30549 | Orc:2    | Found Beukhlul's Antique Weapon Emporium.
 30551 | Orc:2    | Found Foyraf's Weapon Boutique.
 30565 | Orc:2    | Bought a pair of embroidered boots for 210 gold pieces
 30565 | Orc:2    | Bought a faintly humming robe for 159 gold pieces
 30565 | Orc:2    | Identified the +1 robe "Etos" {rN+} (You bought it in a
                  | shop on level 2 of the Orcish Mines)
 30769 | Elf:1    | Entered Level 1 of the Elven Halls
 31958 | Elf:1    | Offered knowledge of Yara's Violent Unravelling by Vehumet.
 32436 | Elf:1    | Reached skill level 5 in Summonings
 32831 | Elf:1    | Found Ufue's Book Emporium.
 32832 | Elf:1    | Found Unoeri Siaq's Jewellery Boutique.
 32833 | Elf:1    | Found Luamoipt's Book Emporium.
 33312 | Elf:2    | Reached skill level 10 in Conjurations
 33356 | Elf:2    | Reached XP level 17. HP: 132/132 MP: 24/35
 34296 | Elf:2    | Found a runed translucent gate.
 34296 | Elf:2    | Found a runed translucent gate.
 34307 | Elf:2    | Found a runed translucent gate.
 34569 | Swamp:1  | Entered Level 1 of the Swamp
 35002 | Swamp:1  | Offered knowledge of Ozocubu's Refrigeration by Vehumet.
 36537 | Swamp:2  | Paralysed by a fenstrider witch for 4 turns
 37610 | Swamp:3  | Found a bloodstained altar of Trog.
 37775 | Swamp:3  | Reached XP level 18. HP: 139/139 MP: 30/36
 37957 | Swamp:4  | Entered Level 4 of the Swamp
 38381 | Swamp:4  | Offered knowledge of Lee's Rapid Deconstruction by Vehumet.
 38477 | Swamp:4  | Reached skill level 10 in Summonings
 38793 | Swamp:4  | Noticed the 27-headed Lernaean hydra
 38812 | Swamp:4  | Killed the 27-headed Lernaean hydra
 39333 | Swamp:4  | Got a decaying rune of Zot
 39692 | Spider:1 | Entered Level 1 of the Spider Nest
 40234 | Spider:1 | Identified the +7 ring mail of the Centipede {Will++}
 40316 | Spider:1 | Found a large runed translucent door.
 40317 | Spider:1 | Found a large runed translucent door.
 40321 | Spider:1 | Noticed Qyadack's ghost (adept HOFi)
 40991 | Spider:2 | You fall into a shaft and drop 1 floor!
 41172 | Spider:3 | Reached ****** piety under Vehumet
 41502 | Spider:2 | Offered knowledge of Eringya's Noxious Bog by Vehumet.
 41563 | Spider:2 | Reached XP level 19. HP: 148/148 MP: 1/37
 43354 | Elf:3    | Entered Level 3 of the Elven Halls
 43745 | Elf:3    | Offered knowledge of Polar Vortex by Vehumet.
 44373 | Elf:3    | Reached skill level 10 in Fighting
 44963 | Elf:3    | Reached skill level 10 in Dodging
 45348 | Elf:3    | Identified the +9 glaive "Ixett" {drain, Fly rPois Str+2}
 45565 | Elf:3    | Identified the staff "Miafaam" {rElec rPois rC+ rN+ Conj
                  | Ice}
 46600 | Elf:3    | Identified the +1 hand axe "Naibruud" {spect, rC- rN+
                  | Int+4}
 46843 | Elf:3    | Identified the staff of the Chickpea {rC+ rCorr Int-5 SInv
                  | Conj}
 47098 | Elf:3    | Got Sif Muna's Lessons on the Familiar and the Crevasse
 47109 | Elf:3    | Identified the staff "Oxurerr" {rElec rF+ Dex+2 Fire}
 47112 | Elf:3    | Identified the +2 orcbow of Hard Scrabble {heavy, ^Contam
                  | Will- MP+9 SInv}
 47199 | Elf:3    | Identified the staff of Guile {rElec rPois rC+ Int+3 Stlth+
                  | Ice}
 47633 | Vaults:1 | Entered Level 1 of the Vaults
 47678 | Vaults:1 | Found a portal to a secret trove of treasure.
 47691 | Vaults:1 | Reached XP level 20. HP: 152/161 MP: 33/38
 49409 | Vaults:1 | Found a runed translucent gate.
 49409 | Vaults:1 | Found a runed translucent gate.
 49409 | Vaults:1 | Found a runed translucent gate.
 49412 | Vaults:1 | Noticed Yloucecuu's ghost (veteran SpEn)
 49475 | Vaults:1 | Found Fugis's Weapon Shoppe.
 49670 | Vaults:1 | Found a viscous altar of Jiyva.
 50140 | Vaults:2 | Found Itig's Armour Emporium.
 50221 | Vaults:2 | Reached skill level 11 in Air Magic
 50992 | Vaults:2 | Acquired 1073 gold pieces
 51140 | Vaults:2 | Found a huge runed translucent gate.
 51140 | Vaults:2 | Found a huge runed translucent gate.
 51140 | Vaults:2 | Found a huge runed translucent gate.
 51140 | Vaults:2 | Found a huge runed translucent gate.
 51140 | Vaults:2 | Found a huge runed translucent gate.
 51140 | Vaults:2 | Found a huge runed translucent gate.
 51141 | Vaults:2 | Found a huge runed translucent gate.
 51141 | Vaults:2 | Found a huge runed translucent gate.
 51141 | Vaults:2 | Found a huge runed translucent gate.
 51142 | Vaults:2 | Found a huge runed translucent gate.
 51142 | Vaults:2 | Found a huge runed translucent gate.
 51142 | Vaults:2 | Found a huge runed translucent gate.
 51142 | Vaults:2 | Found a huge runed translucent gate.
 51142 | Vaults:2 | Found a huge runed translucent gate.
 51142 | Vaults:2 | Found a huge runed translucent gate.
 51143 | Vaults:2 | Found a huge runed translucent gate.
 51145 | Vaults:2 | Found a huge runed translucent gate.
 51146 | Vaults:2 | Found a huge runed translucent gate.
 51147 | Vaults:2 | Found a huge runed translucent gate.
 51148 | Vaults:2 | Found a huge runed translucent gate.
 51148 | Vaults:2 | Found a huge runed translucent gate.
 51180 | Vaults:2 | Found a huge runed translucent gate.
 51181 | Vaults:2 | Found a huge runed translucent gate.
 51184 | Vaults:2 | Found a huge runed translucent gate.
 51184 | Vaults:2 | Found a huge runed translucent gate.
 51191 | Vaults:2 | Found a huge runed translucent gate.
 51246 | Vaults:2 | Found a huge runed translucent gate.
 51247 | Vaults:2 | Found a huge runed translucent gate.
 51248 | Vaults:2 | Found a huge runed translucent gate.
 51248 | Vaults:2 | Found a huge runed translucent gate.
 51253 | Vaults:2 | Found a huge runed translucent gate.
 51253 | Vaults:2 | Found a huge runed translucent gate.
 51255 | Vaults:2 | Found a huge runed translucent gate.
 51434 | Vaults:2 | Found a huge runed translucent gate.
 51435 | Vaults:2 | Found a huge runed translucent gate.
 51435 | Vaults:2 | Found a huge runed translucent gate.
 51537 | Vaults:2 | Reached XP level 21. HP: 168/168 MP: 26/39
 51595 | Vaults:2 | Identified the +2 pair of boots "Foneogu" {Stlth+}
 52246 | Vaults:3 | Reached skill level 15 in Conjurations
 52247 | Vaults:3 | Reached skill level 15 in Spellcasting
 53307 | Vaults:3 | Found a staircase to the Crypt.
 53397 | Vaults:3 | Found Baviseeh's Antique Armour Shoppe.
 53513 | Vaults:3 | Bought an ichor-stained helmet for 304 gold pieces
 53513 | Vaults:3 | Identified the +1 helmet of Perfidy {*Slow Dex+7} (You
                  | bought it in a shop on level 3 of the Vaults)
 53513 | Vaults:3 | Bought a pair of masterwork boots for 304 gold pieces
 53513 | Vaults:3 | Identified the +5 pair of boots of the Tundras {^Contam
                  | rPois rC- Slay+5} (You bought it in a shop on level 3 of
                  | the Vaults)
 54049 | Vaults:4 | Reached skill level 12 in Air Magic
 54397 | Vaults:4 | Found Kaast's Assorted Antiques.
 54445 | Vaults:4 | Found Woxkoll's Antique Armour Shop.
 54445 | Vaults:4 | Found Atuk Gen's Jewellery Shoppe.
 54494 | Vaults:4 | Bought a fine ring mail for 342 gold pieces
 54494 | Vaults:4 | Identified the +4 ring mail of Divine Compulsion {rF+
                  | Dex+6} (You bought it in a shop on level 4 of the Vaults)
 54550 | Vaults:4 | Bought a glowing scarf for 304 gold pieces
 54557 | Vaults:4 | Found a runed translucent gate.
 54557 | Vaults:4 | Found a runed translucent gate.
 54557 | Vaults:4 | Found a runed translucent gate.
 54557 | Vaults:4 | Found an ancient bone altar of Kikubaaqudgha.
 54557 | Vaults:4 | Noticed an ancient lich
 54557 | Vaults:4 | Noticed DizzySkin's ghost (veteran MiBe)
 55173 | Vaults:4 | Found Failofes's Antique Weapon Shoppe.
 55356 | Vaults:4 | Found Cepru's Assorted Antiques.
 56056 | Spider:4 | Entered Level 4 of the Spider Nest
 56170 | Spider:4 | Noticed Roxanne
 56467 | Spider:4 | Noticed Arachne
 56621 | Spider:4 | Killed Arachne
 57119 | Spider:4 | Reached XP level 22. HP: 174/174 MP: 33/41
 57391 | Spider:4 | Found the +5 moon troll leather armour {Spirit, Regen++
                  | MP+5}
 58179 | Spider:4 | Got a gossamer rune of Zot
 58796 | Crypt:1  | Entered Level 1 of the Crypt
 58825 | Crypt:1  | Reached skill level 13 in Air Magic
 58838 | Crypt:1  | Noticed Grunn
 58975 | Crypt:1  | Killed Grunn
 59416 | Crypt:1  | Reached skill level 15 in Fire Magic
 59633 | Crypt:1  | Noticed Donald
 59635 | Crypt:1  | Killed Donald
 61572 | Crypt:3  | Entered Level 3 of the Crypt
 61921 | Crypt:3  | Reached skill level 14 in Air Magic
 62243 | Crypt:3  | Noticed an ancient lich
 62640 | Crypt:3  | Reached XP level 23. HP: 176/181 MP: 22/44
 62957 | Crypt:3  | Reached skill level 15 in Air Magic
 62966 | Crypt:3  | Learned a level 8 spell: Maxwell's Capacitive Coupling
 62981 | Crypt:3  | Found a staircase to the Tomb.
 63068 | Crypt:3  | Noticed Mennas
 63500 | Crypt:3  | Killed Mennas
 63505 | Crypt:3  | Found an ancient bone altar of Kikubaaqudgha.
 63649 | Crypt:3  | Killed an ancient lich
 63713 | Crypt:3  | Identified the ring of Roots {rN+ SInv}
 63713 | Crypt:3  | Identified the ring "Waak" {^Contam rPois rN+ Dex+6}
 63715 | Crypt:3  | Got the Catalogue of Left-Handed Spells
 63934 | Crypt:3  | Identified the +9 quarterstaff of Strategic Superiority
                  | {venom, rElec rF++ Int+2}
 64409 | Crypt:3  | Identified the +0 spear of Sudwot {flame, Will+ Int+2
                  | Dex+2}
 64890 | Depths:1 | Entered Level 1 of the Depths
 64990 | Depths:1 | Found a magical portal.
 65044 | WizLab   | Entered Yara's Duelist Academy
 65261 | WizLab   | Noticed Xextoa
 65264 | WizLab   | Killed Xextoa the Head Instructor
 65570 | WizLab   | Got Hytuisez's Textbook on Familiar Ice
 66006 | Depths:1 | Found a gateway to Hell.
 66432 | Depths:1 | Found a sparkling altar of Nemelex Xobeh.
 66546 | Depths:2 | Reached skill level 16 in Air Magic
 67654 | Depths:2 | Reached XP level 24. HP: 65/189 MP: 16/45
 67771 | Depths:2 | Reached skill level 17 in Air Magic
 67771 | Depths:2 | Reached XP level 25. HP: 140/194 MP: 45/45
 67772 | Depths:2 | Reached XP level 26. HP: 146/202 MP: 45/45
 68469 | Crypt:3  | Reached skill level 18 in Air Magic
 69395 | Depths:2 | Noticed a juggernaut
 69486 | Depths:2 | Killed a juggernaut
 69753 | Depths:2 | Reached skill level 19 in Air Magic
 69796 | Depths:2 | Identified the +5 broad axe "Beastbane" {chaos, rPois rC+}
 69871 | Depths:2 | Found a one-way gate leading to the halls of Pandemonium.
 69894 | Depths:2 | Identified the +0 ring mail of Muttered Phrases {^Drain
                  | +Inv rN+++ Regen+}
 70617 | Depths:3 | Found a one-way gateway to a ziggurat.
 70869 | Depths:3 | Identified the +2 plate armour of Wiridyce {Will+}
 71748 | Depths:3 | Noticed an ancient lich
 72152 | Depths:3 | Found a one-way gateway to a ziggurat.
 72443 | Depths:3 | Killed an ancient lich
 72842 | Depths:4 | Entered Level 4 of the Depths
 72842 | Depths:4 | Found Toasej's Book Shop.
 72958 | Depths:3 | Learned a level 8 spell: Ignition
 72968 | Depths:3 | Learned a level 9 spell: Chain Lightning
 73198 | Depths:4 | Reached XP level 27. HP: 209/209 MP: 36/45
 73569 | Depths:4 | Noticed a juggernaut
 73571 | Depths:4 | Killed a juggernaut
 74374 | Depths:4 | Found a gate to the Realm of Zot.
 75056 | Slime:1  | Entered Level 1 of the Pits of Slime
 75471 | Slime:5  | Entered Level 5 of the Pits of Slime
 75694 | Slime:5  | Noticed the Royal Jelly
 75698 | Slime:5  | Killed the Royal Jelly
 76006 | Slime:5  | Found the +7 great mace "Undeadhunter" {deathbane, rN+}
 76015 | Slime:5  | Identified the ring of Daituhuo {Fly rPois rF+ Str-5 SInv}
 76033 | Slime:5  | Identified the staff of Spores {Will++ Int+3 Dex-4 Conj}
 76054 | Slime:5  | Identified the +4 orcbow "Kekatt" {flame, rF- rCorr Stlth+}
 76090 | Slime:5  | Got a slimy rune of Zot
 76091 | Slime:5  | Identified the ring "Yqu Ure" {rN+ Dex+3}
 76129 | Slime:5  | Found the +7 Spriggan's Knife {stab, EV+4 Stlth+}
 76615 | Zot:1    | Entered Level 1 of the Realm of Zot
 77127 | Zot:1    | HP: 8/209 [constriction (8)]
 77127 | Zot:1    | Slain by a golden dragon

Illustrated notes

Levels and vault maps discovered:
D:1:      sevenhm_arrival_forest_fort_large_3, layout_basic, serial_shops,
          nicolae_shop_back_alley_shop, nicolae_shop_real_fake_doors, shop
D:2:      layout_loops_ring
D:3:      layout_rooms, shapermc_ecumenical_altar_mp_urbaneastern,
          bh_walls_and_bars, uniq_grinder, uniq_sigmund
D:4:      minmay_bubble_buster, layout_cave_pools, mainiacjoe_overflow_alcove_2,
          lemuel_round_altar, uniq_ijyb
D:5:      layout_basic, uniq_duvessa, uniq_blork_the_orc
D:6:      layout_basic, chequers_hall_statues_corner_a,
          dreamdust_princess_bridge, hangedman_decor_lopped, minmay_three_doors,
          uniq_eustachio, uniq_menkaure, uniq_jeremiah
D:7:      layout_rooms, minmay_temple_entry_glassed_door, serial_shops,
          nicolae_shop_overgrown_old_shop
D:8:      layout_basic, grunt_lair_entry_orc_guard_hut,
          biasface_ghost_orc_armoury
D:9:      layout_loops_cross, vehumet_altar_wand_db, amcnicky_altar_gilded,
          serial_shops, nicolae_shop_gaudy_bauble, enter_bailey_2, minivault_16,
          grunt_tough_drop
D:10:     layout_irregular_city
D:11:     layout_loops_ring, orc_david_3
D:12:     layout_small_grid, serial_shops, nicolae_shop_behind_doors,
          nicolae_twisting_strands
D:13:     minmay_general_purpose_star, layout_long_grid
D:14:     layout_stronghold, david_vaults_4, eat_drink_and_be_merry_uskayaw
D:15:     hangedman_depths_entry_try_elsewhere_first, layout_long_grid,
          minmay_fountain_box, nicolae_doodle_vault
Temple:   eino_narrow_crystal_temple
Lair:1:   layout_cave_pods, basic_altar, chequers_serial_rivers_small_a,
          beast_lair_carwin_2, uniq_maggie
Lair:2:   layout_chaotic_city, minmay_swamp_entry_swarm, serial_bayou_crossing,
          infiniplex_staircase_pool_2, uniq_sonja
Lair:3:   layout_long_grid, nicolae_spider_entry_non_spiders, grunt_megastairs_4
Lair:4:   layout_gridlike, gauntlet_entry_generic, grunt_forest_large_clearings
Lair:5:   hellmonk_lair_end_abyssal_woods, layout_regular_city, slime_entry_1,
          uniq_rupert
Swamp:1:  layout_basic_swamp, evilmike_swamp_ruin_house_5
Swamp:2:  nicolae_swamp_standing_stones, layout_basic_swamp,
          infiniplex_staircase_pool
Swamp:3:  layout_basic_swamp, nicolae_swamp_godswood, swamp_pool_1_2
Swamp:4:  swamp_old_school, layout_basic_swamp
Spider:1: layout_spider_delve, ebering_ghost_disaster_area
Spider:2: layout_spider_delve, portal_ice_cave_entry_ugly_swarm,
          nicolae_spider_nooks_and_crannies
Spider:3: layout_cave_pods
Spider:4: grunt_spider_rune_parallel, uniq_arachne, uniq_roxanne
Slime:1:  layout_caves
Slime:2:  layout_caves, nicolae_slime_crime_time
Slime:3:  layout_caves
Slime:4:  layout_caves
Slime:5:  slime_pit_nicolae_trefoil
Orc:1:    layout_caves, uniq_snorg
Orc:2:    st_orc_rangers, layout_caves
Elf:1:    eino_elf_arrival_customs, layout_gridlike,
          hangedman_elven_crosses_minicolossus, grunt_ministairs_8,
          minmay_shop_grove
Elf:2:    elven_hall_of_blades_hangedman_original
          [nicolae_blade_entry_pointy_end], layout_geoelf_octagon
Elf:3:    minmay_elf_hall_spiked, layout_geoelf_diagonals
Vaults:1: gammafunk_ghost_ooze, vaults_room_door_hall,
          nicolae_vaults_yaktaur_gun_rack, nicolae_vaults_house_1,
          nicolae_vaults_frosty_reception,
          nicolae_vaults_taking_the_gang_shopping, nicolae_vaults_statue_guard,
          nicolae_vaults_mini_display_case,
          serial_library_hellmonk_angled_corner, layout_vaults_omnigrid,
          nicolae_trove_entry_free_sample
Vaults:2: dpeg_vaults_waves, nicolae_vaults_twisting_passages,
          not_door_vault_mu, nicolae_vaults_closet_pinwheel_1,
          nicolae_vaults_theta, v_pattern_3, nicolae_vaults_asterisk,
          hangedman_vaults_corner, hangedman_vaults_trim,
          nicolae_vaults_house_2, nicolae_vaults_house_2,
          layout_vaults_omnicross, serial_shops,
          nicolae_shop_temple_entry_statues_fountains
Vaults:3: minmay_crypt_entry_vampire_xt, nicolae_vaults_lightning_bolt,
          vaults_mumra_hex, ontoclasm_vaults_claustrophobia, v_misc_24,
          nicolae_vaults_offset_grid_hallway_3, vaults_room_mumra_shop_pool,
          nicolae_vaults_stairing_the_circle, nicolae_vaults_ninety_degrees,
          grunt_vaults_focal, nicolae_vaults_closet_pinwheel_1,
          vaults_mumra_minichess_inversion, nicolae_vaults_diamond_2,
          layout_vaults_ring
Vaults:4: gammafunk_ghost_crypt, v_rooms_1, nicolae_vaults_little_squares_5,
          vaults_room_grid, v_misc_31, nicolae_vaults_surprise_closet,
          nicolae_vaults_more_shelving_1, layout_vaults_big_room, serial_shops,
          shop, shop, shop, shop, nicolae_shop_back_alley_shop
Crypt:1:  layout_misc_corridors, grunt_crypt_arrival_webbed, uniq_margery,
          uniq_grunn, uniq_donald
Crypt:2:  layout_misc_corridors, grunt_megastairs_1
Crypt:3:  evilmike_haunted_forest, uniq_mennas
Depths:1: nicolae_BIG_FREAKIN_CUBE, layout_cave_shapes, minmay_misc_feat_alley,
          hell_entry, abyss_entry_small_statue_room,
          lightli_enter_wizlab_magi_temple, nemelex_spade_bored_becter
Depths:2: box_level_dp, pan_entry, abyss_entry, hell_entry
Depths:3: minmay_the_grid_square_5x5_3x3 [minmay_the_grid_square_5x5_shuriken,
          minmay_the_grid_square_5x5_inner_v,
          minmay_the_grid_square_5x5_inner_z, minmay_the_grid_square_5x5_bite,
          minmay_the_grid_square_5x5_megaprize_open,
          minmay_the_grid_square_5x5_checkered_sparse,
          minmay_the_grid_square_5x5_corner, minmay_the_grid_square_5x5_seven,
          minmay_the_grid_square_5x5_longway], layout_gridlike,
          enter_ziggurat_f, abyss_entry, lightli_too_deep, nzn_random_ring
Depths:4: grunt_bruiser_brothers, layout_cave_shapes, serial_shops,
          nicolae_shop_advertising_works [nicolae_subvault_shop_adworks],
          hellmouth_1, abyss_entry
Zot:1:    layout_basic

Skill      XL: |  1  2  3  4  5  6  7  8  9 10 11 12 13 14 15 16 17 18 19 20 21 22 23 24 25 26 27 |
---------------+----------------------------------------------------------------------------------+-----
Conjurations   | 1 2 3 4 5 7 8 10 12 14 15 16 | 16.1
Spellcasting   | 2 3 4 6 7 8 11 12 14 15 17 18 | 18.9
Fire Magic     | 3 4 5 7 8 10 11 12 13 14 15 17 | 17.0
Fighting       | 5 7 8 10 | 10.0
Air Magic      | 4 7 10 11 12 14 16 17 19 | 19.8
Evocations     | 5 7 8 |  8.0
Dodging        | 2 5 6 7 10 | 10.0
Armour         | 5 6 7 8 |  8.0
Summonings     | 5 9 10 11 12 | 12.0
Stealth        | |  2.1

Action                     |  1- 3 |  4- 6 |  7- 9 | 10-12 | 13-15 | 16-18 | 19-21 | 22-24 | 25-27 || total
---------------------------+-------+-------+-------+-------+-------+-------+-------+-------+-------++-------
  Melee: Unarmed           |    16 |       |       |       |       |       |       |       |       ||    16
         Dagger            |    97 |    44 |   111 |    11 |       |       |       |       |       ||   263
         Punch             |       |     1 |       |     3 |       |     1 |     2 |       |       ||     7
         Staff             |       |       |     3 |    30 |    16 |    66 |    77 |    13 |     5 ||   210
  Throw: Dart              |       |       |       |     3 |       |       |       |       |       ||     3
   Cast: Foxfire           |    38 |    23 |    58 |    66 |     4 |       |       |       |       ||   189
         Scorch            |       |     5 |    37 |    26 |     6 |     2 |       |       |       ||    76
         Flame Wave        |       |       |    31 |   117 |    47 |    25 |     7 |     2 |     6 ||   235
         Inner Flame       |       |       |     1 |     9 |       |       |       |       |       ||    10
         Plasma Beam       |       |       |       |       |   243 |   321 |   421 |   462 |   448 ||  1895
         Starburst         |       |       |       |       |    11 |    14 |       |       |     6 ||    31
         Irradiate         |       |       |       |       |     3 |    42 |     8 |     5 |    10 ||    68
         Spellforged Servi |       |       |       |       |       |    35 |    38 |    19 |    13 ||   105
         Maxwell's Capacit |       |       |       |       |       |       |       |     3 |     5 ||     8
         Ignition          |       |       |       |       |       |       |       |       |     1 ||     1
  Evoke: Wand              |       |       |     7 |    27 |     4 |    13 |    11 |     2 |     5 ||    69
         Phial of floods   |       |       |       |     1 |     1 |       |     1 |       |     1 ||     4
         Box of beasts     |       |       |       |       |     1 |     1 |       |       |       ||     2
         Phantom mirror    |       |       |       |       |     1 |     1 |       |       |       ||     2
         Tin of tremorston |       |       |       |       |     1 |       |       |     2 |       ||     3
    Use: Potion            |     1 |     2 |     5 |     5 |       |     6 |     1 |     7 |     9 ||    36
         Scroll            |       |     1 |    10 |    20 |     6 |    11 |     2 |     5 |     6 ||    61
   Stab: Sleeping          |     3 |     1 |     3 |       |       |       |       |       |       ||     7
         Paralysed         |       |       |       |    11 |       |       |       |       |       ||    11
         Distracted        |       |       |       |       |       |       |     1 |       |       ||     1
 Armour: Robe              |    64 |    16 |   206 |   115 |       |       |       |       |       ||   401
         Steam dragon scal |       |       |       |    56 |    46 |       |       |       |       ||   102
         Leather armour    |       |       |       |       |   117 |   267 |       |       |       ||   384
         Acid dragon scale |       |       |       |       |     2 |       |       |       |       ||     2
         Ring mail         |       |       |       |       |       |    51 |   250 |   137 |   213 ||   651
  Dodge: Dodged            |    66 |    14 |   147 |   241 |   186 |   461 |   445 |   202 |   167 ||  1929
         Repelled          |       |       |       |       |     6 |    11 |    10 |     1 |    16 ||    44
